[Event "4NCL 2023-2024"]
[Site "Daventry"]
[Date "2024.05.06"]
[Round "11.46"]
[White "Vijayakumar, Rishi"]
[Black "Mirzoeva, Elmira"]
[Result "1/2-1/2"]
[ECO "A50"]
[WhiteElo "2197"]
[BlackElo "2252"]
[Annotator "ChessBase"]
[PlyCount "226"]
[EventDate "2023.11.11"]
[EventType "team-tourn"]
[EventCountry "ENG"]
[SourceTitle "playchess.com"]
[Source "ChessBase"]
[SourceQuality "1"]
[TimeControl "40/6000+30:3000+30"]

1. d4 Nf6 2. c4 e6 3. Nf3 b6 4. g3 Bb7 5. Bg2 g6 6. Nc3 Bg7 7. O-O Ne4 8. Nxe4 Bxe4 9. d5 O-O 10. Bg5 f6 11. Be3 c6 12. Ne1 Bxg2 13. Nxg2 f5 14. Qd2 e5 15. c5 Na6 16. Rad1 Nxc5 17. dxc6 dxc6 18. Qc2 Qe7 19. b4 Ne4 20. Qxc6 Rfc8 21. Qd5+ Kh8 22. Rc1 Rd8 23. Qc4 Rd7 24. Rfd1 Rad8 25. Rxd7 Qxd7 26. h4 h6 27. Kh2 Kh7 28. Qc7 Bf6 29. a4 g5 30. hxg5 hxg5 31. f3 Nd6 32. a5 bxa5 33. Qxa5 Nb5 34. Qa6 Be7 35. Rc6 Nd6 36. Qxa7 f4 37. Qxd7 Rxd7 38. Bc5 Nf5 39. gxf4 exf4 40. Bxe7 Rxe7 41. Rf6 Re5 42. Kh3 Kg7 43. Ra6 Rxe2 44. Nxf4 gxf4 45. Kg4 Ne3+ 46. Kxf4 Nd5+ 47. Kg3 Nxb4 48. Rb6 Nd5 49. Ra6 Nf6 50. Ra7+ Kg6 51. Ra6 Rb2 52. Rc6 Rb5 53. Ra6 Kf5 54. Ra8 Nh5+ 55. Kh4 Nf4 56. Rf8+ Ke5 57. Re8+ Ne6 58. Kg3 Kf5 59. Rh8 Rb3 60. Ra8 Ng5 61. Rf8+ Kg6 62. Rg8+ Kf6 63. Rf8+ Nf7 64. Kf4 Rb4+ 65. Kg3 Ke6 66. Re8+ Kd5 67. Rf8 Nd6 68. Rf4 Rb1 69. Rf8 Ke5 70. Ra8 Nf5+ 71. Kh3 Kf4 72. Ra4+ Kxf3 73. Ra3+ Ne3 74. Kh4 Rb5 75. Rd3 Rc5 76. Ra3 Kf4 77. Ra4+ Nc4 78. Ra8 Nd6 79. Ra4+ Ne4 80. Rb4 Rc1 81. Kh5 Kf5 82. Rb5+ Nc5 83. Kh4 Kf4 84. Rb4+ Ne4 85. Kh5 Rc6 86. Ra4 Kf5 87. Ra5+ Nc5 88. Rb5 Rc8 89. Kh4 Kf4 90. Rb4+ Ne4 91. Kh5 Rg8 92. Ra4 Rg2 93. Rb4 Kf5 94. Rb5+ Ke6 95. Rb6+ Nd6 96. Ra6 Kf5 97. Ra5+ Kf4 98. Ra4+ Ne4 99. Rb4 Rg5+ 100. Kh4 Ra5 101. Rb8 Ng3 102. Rb4+ Ne4 103. Rb8 Kf5 104. Rf8+ Nf6 105. Kg3 Kg5 106. Kf3 Ra3+ 107. Ke2 Ne4 108. Rg8+ Kf4 109. Rf8+ Ke5 110. Re8+ Kd5 111. Rd8+ Nd6 112. Kf2 Ke5 113. Ke2 Ra2+ 1/2-1/2

[Event "4NCL 2023-2024"]
[Site "Daventry"]
[Date "2024.05.06"]
[Round "11.47"]
[White "Josse, Mark"]
[Black "White, Stuart A"]
[Result "1-0"]
[ECO "B56"]
[WhiteElo "2153"]
[BlackElo "2000"]
[Annotator "RC"]
[PlyCount "105"]
[EventDate "2023.11.11"]
[EventType "team-tourn"]
[EventCountry "ENG"]
[SourceTitle "playchess.com"]
[Source "ChessBase"]
[SourceQuality "1"]
[TimeControl "40/6000+30:3000+30"]

1. e4 c5 2. Nc3 Nc6 3. Nf3 d6 4. d4 cxd4 5. Nxd4 Nf6 6. f3 e5 7. Nb3 Be7 8. Be3 O-O 9. Qd2 a5 10. Bb5 Na7 11. Be2 Nc6 12. Nd5 Nxd5 13. exd5 Nb8 14. a4 Nd7 15. Bb5 f5 16. O-O-O b6 17. Kb1 Nc5 18. Nxc5 bxc5 19. Bxc5 Bd7 20. Be3 Bxb5 21. axb5 Qd7 22. c4 a4 23. Ka2 Bd8 24. Qd3 Ba5 25. Rc1 Rab8 26. Rhd1 Rfc8 27. Bd2 Bb6 28. Bb4 Bc5 29. Qa3 Ra8 30. Bxc5 Rxc5 31. Qb4 Qc7 32. Rc3 Qb6 33. Ra3 Rac8 34. Rc3 R8c7 35. Rdc1 Ra7 36. Ra3 Rcc7 37. Kb1 e4 38. fxe4 fxe4 39. Re1 Re7 40. Rae3 a3 41. Rxa3 Rxa3 42. Qxa3 Qf2 43. Qe3 Qxg2 44. c5 Rb7 45. b6 dxc5 46. Qxc5 Qg4 47. Qc6 Qd7 48. Rxe4 h6 49. Qg6 Kf8 50. Qe6 Qxe6 51. Rxe6 Rd7 52. Rc6 Ke7 53. Rc7 1-0

[Event "4NCL 2023-2024"]
[Site "Daventry"]
[Date "2024.05.06"]
[Round "11.48"]
[White "Cooke, Suzie G."]
[Black "Stoica, Savas Marin"]
[Result "0-1"]
[ECO "A45"]
[WhiteElo "1955"]
[BlackElo "2100"]
[Annotator "NA RC"]
[PlyCount "68"]
[EventDate "2023.11.11"]
[EventType "team-tourn"]
[EventCountry "ENG"]
[SourceTitle "playchess.com"]
[Source "ChessBase"]
[SourceQuality "1"]
[TimeControl "40/6000+30:3000+30"]

1. d4 Nf6 2. Bf4 b6 3. e3 Bb7 4. Nd2 h6 5. h3 e6 6. Ngf3 Be7 7. Bd3 c5 8. c3 O-O 9. O-O d5 10. Ne5 Ne4 11. Nxe4 dxe4 12. Bc4 cxd4 13. Qg4 dxc3 14. Bxh6 Bf6 15. Nxf7 $19 Rxf7 16. Qxe6 Qe7 17. Qxe7 Bxe7 18. Bf4 cxb2 19. Rad1 Kf8 20. Bxf7 Kxf7 21. Be5 Ba6 22. Bxb2 Bxf1 23. Kxf1 Na6 24. Be5 Nc5 25. Bd4 Rd8 26. Rc1 Ne6 27. Be5 Rd2 28. a4 Nc5 29. Ra1 Nd3 30. Bg3 Bf6 31. Ra3 Bb2 32. Ra2 Nb4 33. Ke1 Rc2 34. Kd1 Rc1+ 0-1